 Dungeon Crawl Stone Soup version 0.20.1-1-g8b1a95d (webtiles) character file.

533 Nefinien the Caller (level 7, -6/46 HPs)
             Began as a Barachi Summoner on Aug 18, 2017.
             Mangled by Sigmund
             ... wielding a +0 scythe
              (11 damage)
             ... on level 5 of the Dungeon.
             The game lasted 00:41:29 (4719 turns).

Nefinien the Caller (Barachi Summoner)              Turns: 4719, Time: 00:41:29

Health: -6/46      AC:  2    Str:  9    XL:     7   Next: 24%
Magic:  6/14       EV: 14    Int: 17    God:
Gold:   193        SH:  0    Dex: 13    Spells: 11/15 levels left

rFire    . . .     SeeInvis .   e - +2 dagger (venom)
rCold    . . .     Gourm    .   (no shield)
rNeg     . . .     Faith    .   v - +0 robe
rPois    .         Spirit   .   (no helmet)
rElec    .         Reflect  .   (no cloak)
rCorr    .         Harm     .   (no gloves)
MR       .....                  (no boots)
Stlth    ++........             (no amulet)
Regen    0.2/turn               (no ring)
MPRegen  0.2/turn               (no ring)

@: slow
A: +LOS, swims, slowness 1, strong legs 1
a: Hop


You were on level 5 of the Dungeon.
You were not hungry.

You visited 1 branch of the dungeon, and saw 5 of its levels.

You collected 193 gold pieces.

Inventory:

Hand Weapons
 e - a +2 dagger of venom (weapon)
 g - a +3 dagger of holy wrath
 z - a +4 dagger of protection
Missiles
 c - 4 needles of frenzy
 d - 70 stones (quivered)
 n - 14 poisoned needles
 s - 4 needles of confusion
Armour
 a - a +0 robe
 v - a +0 robe (worn)
 A - a +0 plate armour of cold resistance
Wands
 q - a wand of flame (23/48)
 t - a wand of clouds (2/9)
Scrolls
 i - 2 scrolls of remove curse {unknown}
 k - 2 scrolls of enchant weapon
 o - 2 scrolls of identify {unknown}
 u - a scroll of teleportation {unknown}
 w - a scroll of amnesia {unknown}
 y - a scroll of magic mapping {unknown}
Potions
 l - a potion of curing
 m - a potion of berserk rage {unknown}
 p - a potion of flight {unknown}
 r - 4 potions of might {unknown}
Books
 b - a book of Callings

   Spells                             Type                      Level
   a - Summon Small Mammal            Summoning                    1
   b - Call Imp                       Summoning                    2
   c - Call Canine Familiar           Summoning                    3
   d - Summon Guardian Golem          Hexes/Summoning              3
   e - Summon Lightning Spire         Summoning/Air                4
   f - Summon Ice Beast               Ice/Summoning                4
Comestibles
 f - 4 fruits
 C - a meat ration


   Skills:
 - Level 0.2 Short Blades
 + Level 4.0 Dodging
 + Level 2.5 Stealth
 * Level 4.7 Spellcasting
 * Level 7.6 Summonings


You had 11 spell levels left.
You knew the following spells:

 Your Spells              Type           Power        Failure   Level  Hunger
a - Summon Small Mammal   Summ           ####         1%          1    None
b - Call Canine Familiar  Summ           ####....     1%          3    ###....


Dungeon Overview and Level Annotations

Branches:
Dungeon (5/15)
 Temple: D:4-7

Altars:
Elyvilon
Kikubaaqudgha
Makhleb
Trog
Xom

Annotations:
D:5 Sigmund


Innate Abilities, Weirdness & Mutations

Shadows flee at your approach. (+LOS)
You can swim through water.
You cover ground slowly.
You can hop short distances.


Message History

* * * LOW HITPOINT WARNING * * *
Casting: Summon Small Mammal
Confirm with . or Enter, or press ? or * to list all spells.
You swap places.
Something hits you!
* * * LOW HITPOINT WARNING * * *
Casting: Summon Small Mammal
Confirm with . or Enter, or press ? or * to list all spells.
Something hits your quokka.
Your bat closely misses something.
Your bat hits something but does no damage.
A puff of flame appears from out of thin air!
The puff of flame hits your bat.
Your bat dies!
Your bat's corpse disappears in a puff of smoke!
Casting: Summon Small Mammal
Confirm with . or Enter, or press ? or * to list all spells.
Something barely misses you.
You see here a flail.
Something hits you!
You die...

...#
#..####.#######
#### .####....# #
# #......##.##.#
. ######.......#
#. #####.#### #.#
#...#.# # #
###...#.#
#...r...# ###
#...)@..# ..#
#..r....# #.#
###{..### #.#
#...# #.# #####
##.## ..####
#...####.# (....#
#.#......#
#.##.###...######
..(.......##


You could see 2 friendly quokkas.

Vanquished Creatures
  The ghost of raetorn the Slasher, an amateur VSFi of Makhleb (D:3)
  2 hounds (D:5)
  A bullfrog skeleton (D:4)
  Jessica (D:3)
  A worker ant (D:5)
  2 adders
  A shadow imp (D:5)
  A worm (D:4)
  2 orcs (D:5)
  5 giant cockroaches
  7 goblins
  4 hobgoblins (D:1)
  4 jackals (D:4)
  A quokka (D:5)
  2 ball pythons
  4 bats
  3 frilled lizards
  4 kobolds
  A leopard gecko skeleton (D:3)
  7 rats
  2 fungi (D:5)
56 creatures vanquished.

Vanquished Creatures (collateral kills)
  An ice beast (D:3)
  An ogre (D:5)
  A howler monkey (D:5)
  A crimson imp (D:5)
  An orc wizard (D:5)
  A bullfrog skeleton (D:5)
  Natasha (twice) (D:2)
  A worker ant (D:5)
  A hound zombie (D:5)
  A shadow imp (D:5)
  An ooze (D:1)
  2 worms
  A dart slug (D:1)
  A leopard gecko (D:5)
  2 orcs
  A giant cockroach (D:1)
  A goblin (D:1)
  3 hobgoblins
  2 jackals (D:2)
  6 kobolds
  A ball python (D:2)
  A bat (D:1)
  A frilled lizard (D:3)
34 creatures vanquished.

Vanquished Creatures (others)
  A goblin (D:3)
1 creature vanquished.

Grand Total: 91 creatures vanquished

Notes
Turn   | Place    | Note
-------+----------+-------------------------------------------
     0 | D:1      | Nefinien the Barachi Summoner began the quest for the Orb.
     0 | D:1      | Reached XP level 1. HP: 13/13 MP: 3/3
    90 | D:1      | Reached skill level 5 in Summonings
   280 | D:1      | Reached XP level 2. HP: 14/19 MP: 1/5
   974 | D:1      | Reached XP level 3. HP: 21/24 MP: 3/6
  1095 | D:2      | Found a shimmering altar of Xom.
  1572 | D:2      | Noticed Natasha
  1587 | D:2      | Killed Natasha
  1635 | D:2      | Noticed Natasha
  1645 | D:2      | Killed Natasha
  1645 | D:2      | Reached skill level 6 in Summonings
  1645 | D:2      | Reached XP level 4. HP: 15/30 MP: 3/7
  1768 | D:2      | Learned a level 3 spell: Call Canine Familiar
  1869 | D:3      | Noticed an ice beast
  1895 | D:3      | Killed an ice beast
  2028 | D:3      | Noticed Jessica
  2041 | D:3      | Killed Jessica
  2041 | D:3      | Reached XP level 5. HP: 29/35 MP: 2/9
  2202 | D:3      | Noticed raetorn's ghost (amateur VSFi)
  2221 | D:3      | Killed raetorn's ghost
  2576 | D:3      | Found a white marble altar of Elyvilon.
  3050 | D:4      | Reached XP level 6. HP: 27/41 MP: 11/11
  3144 | D:4      | Found a burning altar of Makhleb.
  3232 | D:4      | Reached skill level 7 in Summonings
  3336 | D:5      | Entered Level 5 of the Dungeon
  3757 | D:5      | Noticed a moth of wrath
  3783 | D:5      | Found a bloodstained altar of Trog.
  3933 | D:5      | Found an ancient bone altar of Kikubaaqudgha.
  4047 | D:5      | HP: 2/41 [poisoned by an orc wizard]
  4262 | D:5      | Reached XP level 7. HP: 25/46 MP: 8/13
  4646 | D:5      | Noticed Sigmund
  4719 | D:5      | Mangled by Sigmund

Skill      XL: |  1  2  3  4  5  6  7 |
---------------+----------------------+-----
Summonings     | 5 6 7 |  7.6
Dodging        | 3 4 |  4.0
Stealth        | 2 |  2.5
Spellcasting   | 3 4 |  4.7
Short Blades   | |  0.2

Action                   |  1- 3 |  4- 6 |  7- 9 || total
-------------------------+-------+-------+-------++-------
Melee: Dagger            |   101 |   179 |    13 ||   293
Throw: Stone             |    27 |     4 |     1 ||    32
       Tomahawk          |       |    10 |     4 ||    14
 Cast: Summon Small Mamm |    35 |    23 |    11 ||    69
       Call Canine Famil |       |     8 |     3 ||    11
  Use: Scroll            |       |     1 |       ||     1
       Potion            |       |     1 |     2 ||     3
 Stab: Sleeping          |     1 |     2 |       ||     3
  Eat: Bread ration      |     1 |     2 |       ||     3
       Chunk             |       |     2 |       ||     2
Armor: Robe              |    22 |    15 |     1 ||    38
Dodge: Dodged            |    88 |   105 |    28 ||   221
